 Dungeon Crawl Stone Soup version 0.31.0-32-g396128a36d (webtiles) character file.

Game seed: 16536461273697746095

65 spaghetti the Trooper (level 4, 0/38 HPs)
             Began as a Human Chaos Knight on Mar 10, 2024.
             Was a Plaything of Xom.
             Slain by a gnoll
             ... wielding a +0 spear
              (7 damage)
             ... on level 3 of the Dungeon.
             The game lasted 00:01:38 (1354 turns).

spaghetti the Trooper (Human Chaos Knight)          Turns: 1354, Time: 00:01:39

Health: 0/38       AC:  5    Str: 10 (13) XL:     4   Next: 14%
Magic:  13/13      EV: 11    Int: 11 (14) God:    Xom [..*...]
Gold:   58         SH:  0    Dex: 10 (12) Spells: 3/3 levels left

rFire   . . .        a - +0 mace (chaos)
rCold   . . .        (no shield)
rNeg    . . .        h - +0 troll leather armour
rPois   .            (no helmet)
rElec   .            (no cloak)
rCorr   +            f - +0 pair of gloves
SInv    .            n - +0 pair of boots
Will    .....        (no amulet)
Stlth   +            g - ring of magical power
HPRegen 1.06/turn    i - ring of resist corrosion
MPRegen 0.13/turn

%: no passive effects
@: no status effects
A: explore regen
a: Renounce Religion


You were on level 3 of the Dungeon.
You worshipped Xom.
You were a toy of Xom.
You visited 1 branch of the dungeon, and saw 3 of its levels.

You collected 58 gold pieces.

Inventory:

Hand Weapons
 a - a +0 mace of chaos (weapon)
 m - a +0 club
Armour
 b - a +2 leather armour
 f - a +0 pair of gloves (worn)
 h - a +0 troll leather armour (worn)
 n - a +0 pair of boots (worn)
Jewellery
 g - a ring of magical power (left hand)
 i - a ring of resist corrosion (right hand)
Scrolls
 c - a scroll of butterflies
 j - a scroll of fear
 l - 2 scrolls of teleportation
Potions
 d - 2 potions of curing
 e - a potion of enlightenment
 k - 2 potions of heal wounds
 o - a potion of lignification


   Skills:
 + Level 4.9 Fighting
 - Level 3.0 Maces & Flails
 - Level 2.0 Armour
 - Level 1.0 Dodging


You had 3 spell levels left.
You didn't know any spells.
Your spell library was empty.

Dungeon Overview and Level Annotations

Branches:
Dungeon (3/15)

Altars:
Qazlal


Innate Abilities, Weirdness & Mutations

You regain HP and MP as you explore.


Message History

No target in view!
No target in view!
No target in view!
No target in view!
No target in view!
Things that are here:
a +0 falchion; a +0 leather armour You see here a staff of conjuration.
Found a scale mail and a potion of degeneration.
A gnoll comes into view. It is wielding a +0 spear.
A gnoll is nearby!
A gnoll comes into view. It is wielding a +0 club.
The gnoll shouts!
The gnoll hits you but does no damage.
A gnoll comes into view. It is wielding a +0 spear.
The gnoll hits you with a +0 spear.
The gnoll shouts!
You hit the gnoll but do no damage.
The gnoll is poisoned.
The gnoll barely misses you.
A gnoll comes into view. It is wielding a +0 halberd.
The gnoll shouts!
You hit the gnoll.
The gnoll is lightly wounded.
The gnoll barely misses you.
You hit the gnoll. You freeze the gnoll.
The gnoll is severely wounded.
You kill the gnoll!
The gnoll hits you but does no damage.
You feel your dexterity returning.
You have reached level 4!
You feel stronger.
You hit the gnoll. You freeze the gnoll.
The gnoll is lightly wounded.
The gnoll hits you from afar with a +0 halberd!
The gnoll hits you with a +0 spear.
The gnoll hits you from afar with a +0 halberd!
* * * LOW HITPOINT WARNING * * *
The gnoll hits you with a +0 spear!
You die...
Xom chortles!

.# #.......# .#
#.......# .#######
#.......#
.#.....###...<...##
...................#
......#.##.#####....
..§§§.#.#.†....gg#
.§§...#..###.###g# #
§........#.....#@#.#
.~....##.#.###)#.#.#
......##.#..|..#.#.#
.#######.#.###.#...#
.# #.#.....#...# .#
##.###.###.#.# .#
............#... .
########.########
..[...........!


You could see 3 gnolls.

Vanquished Creatures
  An adder (D:3)
  A gnoll (D:3)
  3 dart slugs (D:1)
  An orc (D:3)
  4 bats (D:1)
  5 endoplasms
  3 giant cockroaches
  2 hobgoblins
  A jackal (D:3)
  3 kobolds (D:1)
  4 quokkas
  A ball python (D:2)
  2 frilled lizards
  3 goblins
  2 rats
36 creatures vanquished.

Notes
Turn   | Place    | Note
-------+----------+-------------------------------------------
     0 | D:1      | spaghetti the Human Chaos Knight began the quest for the
                  | Orb.
     0 | D:1      | Reached XP level 1. HP: 18/18 MP: 1/1
   224 | D:1      | Reached XP level 2. HP: 24/24 MP: 2/2
   347 | D:1      | Reached skill level 4 in Fighting
   388 | D:1      | Reached XP level 3. HP: 30/30 MP: 3/3
  1143 | D:2      | Found a faded altar of an unknown god.
  1283 | D:3      | Found a stormy altar of Qazlal.
  1352 | D:3      | Reached XP level 4. HP: 35/38 MP: 4/4
  1354 | D:3      | Slain by a gnoll

Illustrated notes

Levels and vault maps discovered:
D:1:      enne_arrival_octagon_isle, layout_basic
D:2:      layout_loops_ring, shapermc_ecumenical_altar_mp_vishouse,
          hangedman_abyss_or_decor_stabs, hangedman_decor_points
D:3:      layout_basic, nicolae_qazlal_scattered_showers,
          mainiacjoe_overflow_alcove_2, minmay_checkerbox

Skill      XL: |  1  2 |
---------------+-------+-----
Fighting       | 4 |  4.9
Maces & Flails | |  3.0
Armour         | |  2.0
Dodging        | |  1.0

Action                     |  1- 3 |  4- 6 || total
---------------------------+-------+-------++-------
  Melee: Mace              |   113 |     1 ||   114
         Punch             |     2 |       ||     2
    Use: Scroll            |     6 |       ||     6
         Potion            |     5 |       ||     5
   Stab: Petrifying        |     1 |       ||     1
 Armour: Leather armour    |    26 |       ||    26
         Troll leather arm |    56 |     4 ||    60
  Dodge: Dodged            |    88 |       ||    88
